[Event "Summer Prague Open-A 2024"]
[Site "Prague"]
[Date "2024.08.04"]
[Round "4.21"]
[White "Golenia, Wojciech"]
[Black "Yedid, Lior"]
[Result "1-0"]
[Annotator "RC"]
[ECO "B01"]
[WhiteElo "2212"]
[BlackElo "1951"]
[PlyCount "119"]
[EventDate "2024.08.02"]
[EventType "swiss"]
[EventCountry "CZE"]
[SourceTitle "playchess.com"]
[Source "ChessBase"]
[SourceQuality "1"]
[TimeControl "40/5400+30:1800+30"]

1. e4 d5 2. exd5 Qxd5 3. d4 Nc6 4. Nf3 Bg4 5. Be2 e6 6. Be3 Nge7 7. h3 Bh5 8. c3 Bg6 9. Nbd2 Nf5 10. Bf4 Qd7 11. Nc4 Bd6 12. Nxd6+ Nxd6 13. O-O h6 14. Re1 Rd8 15. d5 exd5 16. Bb5+ Kf8 17. Qxd5 Nxb5 18. Qxb5 Qc8 19. Ne5 Nxe5 20. Rxe5 c6 21. Qc5+ Kg8 22. Qxa7 Kh7 23. Rae1 Rhe8 24. Rxe8 Rxe8 25. Be3 Bf5 26. Rd1 Bxh3 27. gxh3 Qxh3 28. Qd4 Re6 29. Bf4 Rg6+ 30. Bg3 h5 31. Qe4 h4 32. Qg2 Qxg2+ 33. Kxg2 hxg3 34. fxg3 Re6 35. Rh1+ Kg6 36. Kf3 Rf6+ 37. Ke3 Re6+ 38. Kf3 Rf6+ 39. Ke2 Re6+ 40. Kf2 Rf6+ 41. Ke3 Re6+ 42. Kd3 Rd6+ 43. Kc4 Kg5 44. a4 Rd5 45. Rh7 Kg6 46. Rh8 b5+ 47. axb5 Rxb5 48. b4 Rg5 49. Rc8 Rg4+ 50. Kc5 Rxg3 51. c4 f5 52. Kxc6 Rg4 53. Kd5 f4 54. b5 Kg5 55. b6 f3 56. Rf8 Rf4 57. Rxf4 Kxf4 58. b7 g5 59. b8=Q+ Kg4 60. Qh2 1-0

[Event "Summer Prague Open-A 2024"]
[Site "Prague"]
[Date "2024.08.04"]
[Round "4.22"]
[White "Ringuet, Cyril"]
[Black "Jun, Rudolf"]
[Result "0-1"]
[Annotator "RC"]
[ECO "B30"]
[WhiteElo "2015"]
[BlackElo "2198"]
[PlyCount "84"]
[EventDate "2024.08.02"]
[EventType "swiss"]
[EventCountry "CZE"]
[SourceTitle "playchess.com"]
[Source "ChessBase"]
[SourceQuality "1"]
[TimeControl "40/5400+30:1800+30"]

1. e4 c5 2. Nf3 Nc6 3. Bb5 Qc7 4. O-O a6 5. Bxc6 dxc6 6. c3 Bg4 7. d4 cxd4 8. cxd4 g6 9. Nbd2 Bg7 10. h3 Bxf3 11. Nxf3 Nf6 12. Qe2 O-O 13. e5 Nd5 14. e6 f5 15. Re1 Rad8 16. Ng5 Qd6 17. Nf7 Rxf7 18. exf7+ Kxf7 19. Bg5 Bxd4 20. Qc4 Bf6 21. Bxf6 Qxf6 22. Qb3 Rd7 23. Rad1 e5 24. Qc4 Kg7 25. a4 Re7 26. b4 e4 27. b5 axb5 28. axb5 Nc3 29. Rd8 Nxb5 30. Red1 Nc7 31. R1d6 Qa1+ 32. Kh2 Qe5+ 33. Kg1 Nd5 34. Qc5 Nf6 35. Qc4 f4 36. Qe2 e3 37. f3 Nd5 38. Kh2 Kh6 39. Qe1 Qg5 40. Kh1 e2 41. Rxd5 cxd5 42. Rxd5 Qg3 0-1

[Event "Summer Prague Open-A 2024"]
[Site "Prague"]
[Date "2024.08.04"]
[Round "4.23"]
[White "Stocek, Martin"]
[Black "Radovic, Stefan"]
[Result "1/2-1/2"]
[Annotator "RC"]
[ECO "D31"]
[WhiteElo "2176"]
[BlackElo "1967"]
[PlyCount "123"]
[EventDate "2024.08.02"]
[EventType "swiss"]
[EventCountry "CZE"]
[SourceTitle "playchess.com"]
[Source "ChessBase"]
[SourceQuality "1"]
[TimeControl "40/5400+30:1800+30"]

1. d4 d5 2. c4 e6 3. Nc3 Bb4 4. Qa4+ Nc6 5. e3 Nf6 6. Bd2 O-O 7. a3 Bxc3 8. Bxc3 Ne4 9. Qc2 Nxc3 10. Qxc3 Ne7 11. Nf3 b6 12. Bd3 dxc4 13. Qxc4 Bb7 14. b4 Rc8 15. O-O Bxf3 16. gxf3 Nd5 17. f4 f5 18. Kh1 Qh4 19. Ra2 Rf6 20. Rg1 Rcf8 21. Qc6 Kh8 22. Rg2 Qh6 23. Be2 Ne7 24. Qd7 Ng6 25. Ra1 Nh4 26. Rg3 R6f7 27. Qc6 Qf6 28. Rag1 Rd8 29. h3 Rfd7 30. Bc4 Re7 31. b5 Ng6 32. Be2 Red7 33. Qg2 Nh4 34. Qf1 Ng6 35. Bf3 Ne7 36. Qg2 Nd5 37. Bxd5 exd5 38. Rc1 Qe7 39. Rc3 a6 40. bxa6 Ra8 41. Qf1 c5 42. dxc5 bxc5 43. Rb3 Qd6 44. Qb1 Rxa6 45. Qxf5 Ra8 46. Rg1 c4 47. Rc3 g6 48. Qe5+ Qxe5 49. fxe5 Rb7 50. Rd1 Ra5 51. Kg2 Kg7 52. f4 Rb3 53. Rxb3 cxb3 54. a4 Rxa4 55. Rxd5 Rb4 56. Rd7+ Kf8 57. Rd1 b2 58. Rb1 Ke7 59. Kf3 Ke6 60. Ke2 g5 61. fxg5 Kxe5 62. Kf3 1/2-1/2

[Event "Summer Prague Open-A 2024"]
[Site "Prague"]
[Date "2024.08.04"]
[Round "4.24"]
[White "Zhakan, Erasyl"]
[Black "Toure, Vasanth"]
[Result "1-0"]
[Annotator "RC"]
[ECO "C22"]
[WhiteElo "1962"]
[BlackElo "2176"]
[PlyCount "75"]
[EventDate "2024.08.02"]
[EventType "swiss"]
[EventCountry "CZE"]
[SourceTitle "playchess.com"]
[Source "ChessBase"]
[SourceQuality "1"]
[TimeControl "40/5400+30:1800+30"]

1. e4 e5 2. d4 exd4 3. Qxd4 Nc6 4. Qe3 Nf6 5. Nc3 Bb4 6. Bd2 O-O 7. O-O-O Re8 8. Bc4 d6 9. Nf3 a6 10. Qf4 Bg4 11. h3 Bh5 12. Rhe1 Bg6 13. a3 Ba5 14. Bb3 Ne5 15. Nxe5 dxe5 16. Qf3 Qc8 17. Nb1 Bxd2+ 18. Nxd2 b5 19. Nf1 Qb7 20. Bd5 c6 21. Ba2 Rad8 22. Ng3 h6 23. Qe3 Qc7 24. f3 Rb8 25. Qc5 Rbd8 26. Nf1 Nd7 27. Qd6 Qxd6 28. Rxd6 Kf8 29. Red1 Ke7 30. Rxc6 Nb8 31. Rc7+ Kf6 32. Ne3 Rxd1+ 33. Kxd1 Rd8+ 34. Ke2 Nd7 35. Ng4+ Kg5 36. g3 Bh5 37. h4+ Kg6 38. Rxd7 1-0

[Event "Summer Prague Open-A 2024"]
[Site "Prague"]
[Date "2024.08.04"]
[Round "4.25"]
[White "Zelezny, Jan"]
[Black "Czaeczine, Anne"]
[Result "0-1"]
[Annotator "RC"]
[ECO "B24"]
[WhiteElo "1965"]
[BlackElo "2172"]
[PlyCount "152"]
[EventDate "2024.08.02"]
[EventType "swiss"]
[EventCountry "CZE"]
[SourceTitle "playchess.com"]
[Source "ChessBase"]
[SourceQuality "1"]
[TimeControl "40/5400+30:1800+30"]

1. e4 c5 2. Nc3 Nc6 3. g3 g6 4. Bg2 Bg7 5. d3 Rb8 6. Be3 b5 7. Qd2 b4 8. Nd1 d6 9. Ne2 h5 10. h3 Nd4 11. O-O e5 12. f4 Ne7 13. fxe5 Bxe5 14. Bf4 Bg7 15. c3 Nxe2+ 16. Qxe2 bxc3 17. bxc3 Be6 18. e5 d5 19. Bg5 Qc7 20. Bf4 O-O 21. Nf2 Nc6 22. Rfe1 Rfe8 23. Rad1 Rb6 24. d4 cxd4 25. cxd4 Reb8 26. Rd2 Qb7 27. Be3 Na5 28. Rc1 Rb2 29. Nd3 Rxd2 30. Qxd2 Qb5 31. Rc5 Qb1+ 32. Rc1 Qb6 33. Bf2 Kh7 34. Nf4 Bh6 35. Bf1 Nc6 36. Qc3 Bxf4 37. gxf4 Ne7 38. Qc5 Nf5 39. Qxb6 Rxb6 40. Rc7 a6 41. Ra7 Rb4 42. Rxa6 Nxd4 43. a3 Nf3+ 44. Kg2 Rxf4 45. Bg3 Nh4+ 46. Kg1 Re4 47. Kf2 Nf5 48. Bh2 Rd4 49. Bg1 Rd2+ 50. Ke1 Ra2 51. a4 Ng3 52. Bb5 Bxh3 53. Ra7 Ra1+ 54. Kf2 Ne4+ 55. Ke3 Rxg1 56. Rxf7+ Kh6 57. a5 Re1+ 58. Kd4 Rd1+ 59. Ke3 Nc3 60. Bd3 Ra1 61. a6 Ra5 62. Kd4 Ne4 63. a7 Ng5 64. Re7 Ne6+ 65. Kc3 Nd8 66. Bb5 d4+ 67. Kb4 Ra1 68. Ba4 Bg2 69. Rc7 Kg5 70. Rc8 Nc6+ 71. Bxc6 Bxc6 72. Rxc6 Rxa7 73. Kc5 d3 74. Rd6 Kf5 75. Kd4 d2 76. Ke3 Kxe5 0-1

[Event "Summer Prague Open-A 2024"]
[Site "Prague"]
[Date "2024.08.04"]
[Round "4.26"]
[White "Starcevic, Danijel"]
[Black "Kotal, Vaclav"]
[Result "1/2-1/2"]
[Annotator "RC"]
[ECO "E04"]
[WhiteElo "1957"]
[BlackElo "2151"]
[PlyCount "119"]
[EventDate "2024.08.02"]
[EventType "swiss"]
[EventCountry "CZE"]
[SourceTitle "playchess.com"]
[Source "ChessBase"]
[SourceQuality "1"]
[TimeControl "40/5400+30:1800+30"]

1. c4 e6 2. g3 d5 3. Bg2 Nf6 4. d4 dxc4 5. Nf3 Nc6 6. O-O Rb8 7. a4 b6 8. Nc3 Bb4 9. Bg5 h6 10. Bxf6 Qxf6 11. Nb5 O-O 12. Rc1 a6 13. Rxc4 axb5 14. axb5 Qe7 15. bxc6 Ba6 16. Rc1 Rfd8 17. Qc2 Bb5 18. Rfd1 Ra8 19. Ra1 Ra5 20. Rxa5 bxa5 21. e3 Rd6 22. Ne5 Qe8 23. Rc1 Rd8 24. Be4 Rb8 25. h4 Qe7 26. h5 Bd6 27. Nd7 Rd8 28. f4 Bb4 29. Kg2 Bd6 30. Bf3 Bb4 31. g4 Bd6 32. Rh1 Kh8 33. Rh3 Ra8 34. Rg3 f6 35. Qg6 Qe8 36. Qc2 a4 37. Kh3 a3 38. bxa3 Rxa3 39. Be2 Ba4 40. Qe4 Bb3 41. Qb1 Bd5 42. Qc1 Qa8 43. Bf3 Ra1 44. Qc2 Qa6 45. Qg6 Qf1+ 46. Kh4 Ra8 47. Nxf6 gxf6 48. Qxh6+ Kg8 49. Qg6+ Kh8 50. Qh6+ Kg8 51. Qg6+ Kh8 52. h6 Rg8 53. Qxf6+ Kh7 54. Qf7+ Kh8 55. Qf6+ Kh7 56. Qf7+ Kh8 57. Bxd5 exd5 58. Qf6+ Kh7 59. Qf7+ Kh8 60. Qf6+ 1/2-1/2

[Event "Summer Prague Open-A 2024"]
[Site "Prague"]
[Date "2024.08.04"]
[Round "4.27"]
[White "Korenova, Martina"]
[Black "Motyl, Tomasz"]
[Result "1/2-1/2"]
[Annotator "RC"]
[ECO "B13"]
[WhiteElo "2145"]
[BlackElo "1947"]
[PlyCount "130"]
[EventDate "2024.08.02"]
[EventType "swiss"]
[EventCountry "CZE"]
[SourceTitle "playchess.com"]
[Source "ChessBase"]
[SourceQuality "1"]
[TimeControl "40/5400+30:1800+30"]

1. e4 c6 2. d4 d5 3. exd5 cxd5 4. Nf3 Nc6 5. c3 Nf6 6. Bd3 Bg4 7. Qb3 Na5 8. Qa4+ Bd7 9. Qc2 g6 10. Bg5 Bg7 11. Ne5 Nc6 12. Nxc6 Bxc6 13. Nd2 O-O 14. h4 Qd7 15. Bxf6 Bxf6 16. h5 e5 17. dxe5 Bxe5 18. Nf3 Bf4 19. Nd4 Rae8+ 20. Kf1 Be5 21. a4 Bxd4 22. cxd4 Qd6 23. Qd2 Qf6 24. Bc2 Re7 25. Rh3 Rfe8 26. hxg6 fxg6 27. Rf3 Qh4 28. Kg1 Re2 29. Qc3 Qe7 30. b3 Bd7 31. Bd3 Re1+ 32. Rxe1 Qxe1+ 33. Qxe1 Rxe1+ 34. Kh2 Bg4 35. Rg3 Bd1 36. f4 Kf7 37. f5 gxf5 38. Bxf5 h5 39. Bc8 Re7 40. Rd3 Bc2 41. Rc3 Be4 42. a5 Kf6 43. Rc5 a6 44. b4 Kg5 45. b5 Kf4 46. b6 Rg7 47. Bh3 Rg3 48. Rc7 Ra3 49. Rxb7 Rxa5 50. Rf7+ Ke3 51. Bd7 Ra2 52. b7 Rxg2+ 53. Kh3 Rb2 54. Bc6 Kxd4 55. Rf8 Kc5 56. Rc8 Kd6 57. Kh4 Bf5 58. Kxh5 Rxb7 59. Bxb7 Bxc8 60. Bxc8 a5 61. Kg4 a4 62. Bf5 a3 63. Bb1 Ke5 64. Kf3 Kd4 65. Ba2 Kc3 1/2-1/2

[Event "Summer Prague Open-A 2024"]
[Site "Prague"]
[Date "2024.08.04"]
[Round "4.28"]
[White "Persson, Andreas"]
[Black "Novotny, Dominik"]
[Result "1-0"]
[Annotator "RC"]
[ECO "D02"]
[WhiteElo "2139"]
[BlackElo "1936"]
[PlyCount "93"]
[EventDate "2024.08.02"]
[EventType "swiss"]
[EventCountry "CZE"]
[SourceTitle "playchess.com"]
[Source "ChessBase"]
[SourceQuality "1"]
[TimeControl "40/5400+30:1800+30"]

1. d4 d5 2. Nf3 e6 3. g3 b6 4. Bg2 Bb7 5. O-O Nd7 6. c4 dxc4 7. Qa4 a6 8. Qxc4 Ngf6 9. Bg5 Be7 10. Nbd2 O-O 11. Rfe1 c5 12. a4 Rc8 13. Rad1 b5 14. axb5 Nb6 15. Qa2 axb5 16. dxc5 Rxc5 17. Be3 Bxf3 18. Bxf3 Rc8 19. Nc4 Nbd5 20. Nb6 Rc2 21. Qb3 Qc7 22. Nxd5 exd5 23. Bxd5 Nxd5 24. Rxd5 Bf6 25. Bd4 Bxd4 26. Rxd4 g6 27. Rd5 Rc5 28. Red1 Rxd5 29. Rxd5 Rb8 30. Kg2 Qc4 31. Qd3 Qb4 32. b3 Kg7 33. e4 Qe7 34. Qd4+ Kg8 35. Rd7 Qe6 36. Qd5 Re8 37. Qxe6 Rxe6 38. Kf3 Rc6 39. Ke3 Kg7 40. Kd3 Rc1 41. Rb7 Rc5 42. b4 Rh5 43. h4 Kf6 44. Kd4 Ke6 45. f4 f6 46. Rb6+ Ke7 47. Rc6 1-0